Map: White Rabbit LE

Players

HoldTheDoor

  • Race: Protoss Protoss
  • League: Diamond
  • Spawn Location: 1:00

Vaaco - Winner!

  • Race: Terran Terran
  • League: Diamond
  • Spawn Location: 7:00

VOD

Have the link to the VOD?

Description

Time

  • Played on: May 6, 2026, 12:23 p.m.
  • Length: 3:28
Show
View Real Time Build Order
Export as new Build Order

HoldTheDoor Protoss 

Build Orders: 1 Gate Expand 

Get SALT Encoding   

  12  0:00  Probe  
  13  0:12  Probe  
  14  0:18  Pylon  
  14  0:24  Probe  
  15  0:32  Probe  
  15  0:40  Gateway, Probe  
  17  0:50  Assimilator  
  17  0:51  Probe  
  18  1:03  Probe  
  19  1:05  Pylon  
  19  1:15  Probe  
  20  1:27  Probe  
  21  1:34  Cybernetics Core  
  21  1:40  Nexus  
  21  1:44  Probe  
  22  1:47  Assimilator  
  22  1:54  Pylon  
  22  1:56  Probe  
  23  2:03  Adept  
  23  2:12  Probe  
  26  2:19  Shield Battery  
  26  2:24  Probe  
  27  2:34  Shield Battery  
  27  2:35  Pylon  
  29  2:53  Adept  
  27  3:01  Pylon  
Show
View Real Time Build Order
Export as new Build Order

Vaaco Terran - Winner!

Build Orders:  

Get SALT Encoding   

  12  0:00  SCV  
  13  0:12  SCV  
  14  0:20  Supply Depot  
  14  0:24  SCV  
  15  0:42  SCV  
  16  0:47  Barracks  
  16  1:00  Barracks  
  16  1:07  Barracks  
  16  1:34  Barracks  
  16  1:36  Supply Depot  
  16  1:44  Marine  
  17  1:48  Marine  
  18  1:54  Marine  
  19  2:06  Marine x2  
  21  2:09  Supply Depot  
  21  2:19  Marine  
  22  2:23  Marine  
  22  2:25  Marine x2  
  25  2:37  Marine  
  25  2:41  Marine  
  25  2:43  Marine  
  27  2:57  Marine x2  
  29  2:59  Marine  
Tags
 
Add a new tag
Caveats
  • Supply blocks, unpowered buildings, or Contaminate may cause inaccurate times.
  • Supply counts are checked every 10 seconds.